 Dungeon Crawl Stone Soup version 0.27.1-4-g1640c2035a (webtiles) character file.

Game seed: 17526574943847674482

23 wormholer the Ruffian (level 2, 0/23 HPs)
             Began as a Ghoul Monk on Nov 18, 2021.
             Was a Believer of Hepliaklqana.
             Slain by a bat (1 damage)
             ... on level 2 of the Dungeon.
             The game lasted 00:07:22 (685 turns).

wormholer the Ruffian (Ghoul Monk)                   Turns: 685, Time: 00:07:24

Health: 0/23       AC:  2    Str: 14    XL:     2   Next: 95%
Magic:  10/10      EV: 12    Int:  5    God:    Hepliaklqana [**....]
Gold:   66         SH:  0    Dex: 11    Spells: 1/1 levels left

rFire    . . .     SeeInvis .   l - +2 short sword (elec)
rCold    + . .     Faith    .   (no shield)
rNeg     + + +     Spirit   .   a - +0 robe
rPois    ∞         Reflect  .   (no helmet)
rElec    .         Harm     .   (no cloak)
rCorr    .         Rampage  .   (no gloves)
Will     .....                  (no boots)
Stlth    ++........             (no amulet)
HPRegen  0.00/turn              j - ring of magical power
MPRegen  0.12/turn              (no ring)

@: attractive, inhibited regen
A: reduced essence, claws 1, cold resistance 1, negative energy resistance 3,
inhibited regeneration, torment resistance 2
a: Renounce Religion, Ancestor Life: Knight, Ancestor Life: Battlemage, Ancestor
Life: Hexer, Recall Ancestor, Ancestor Identity


You were on level 2 of the Dungeon.
You worshipped Hepliaklqana.
Hepliaklqana was pleased with you.
You visited 1 branch of the dungeon, and saw 2 of its levels.

You collected 66 gold pieces.

Inventory:

Hand Weapons
 b - a +0 short sword
 c - a +0 dagger
 d - a +0 hand axe
 e - a +0 dagger
 l - a +2 short sword of electrocution (weapon)
 o - a +0 club
 p - a +0 mace
 q - a +0 club
 r - a +0 whip
Missiles
 f - 26 stones (quivered)
 k - 18 arrows
Armour
 a - a +0 robe (worn)
 h - a +0 scale mail
 m - a +0 ring mail
 n - a +0 ring mail
Jewellery
 j - a ring of magical power (left claw)
Scrolls
 g - a scroll of torment


   Skills:
 + Level 3.5 Fighting
 + Level 0.1 Short Blades
 + Level 2.9 Dodging
 + Level 2.3 Stealth
 + Level 3.8 Unarmed Combat


You had one spell level left.
You didn't know any spells.
Your spell library was empty.

Dungeon Overview and Level Annotations

Branches:
Dungeon (2/15)

Altars:
Hepliaklqana

Shops:
D:1 *


Innate Abilities, Weirdness & Mutations

Your life essence is reduced to manifest your ancestor. (-10% HP)
You thrive by killing the living.
You are immune to poison.
You have sharp fingernails.
Your flesh is cold resistant. (rC+)
You are immune to negative energy. (rN+++)
You do not regenerate when monsters are visible.
You are immune to unholy pain and torment.


Message History

The bat hits you but does no damage. The bat completely misses you.
The hobgoblin shouts!
You hit the endoplasm.
Lightning courses through the endoplasm!
You kill the endoplasm!
You feel better. The bat barely misses you. The quokka bites you.
The quokka barely misses you. The bat closely misses you.
The bat barely misses you.
You completely miss the bat. The bat hits you.
A dart slug comes into view.
The quokka bites you. The bat closely misses you. The hobgoblin hits you.
You hit the hobgoblin.
The hobgoblin is heavily wounded.
The bat barely misses you. The quokka bites you.
The dart slug launches a dart at you. The slug dart misses you.
The hobgoblin barely misses you. The quokka closely misses you.
You hit the hobgoblin.
The hobgoblin is severely wounded.
The bat hits you but does no damage. The hobgoblin barely misses you.
The quokka misses you.
A quokka comes into view.
You barely miss the quokka. The bat barely misses you.
The quokka barely misses you. The hobgoblin hits you.
* * * LOW HITPOINT WARNING * * *
You hit the hobgoblin but do no damage.
Lightning courses through the hobgoblin!
You kill the hobgoblin!
You feel better. The bat closely misses you. The quokka bites you.
* * * LOW HITPOINT WARNING * * *
The bat closely misses you. The quokka closely misses you.
The dart slug launches a dart at you. The slug dart misses you.
The slug dart hits the quokka.
The quokka bites you.
* * * LOW HITPOINT WARNING * * *
It was a potion of attraction.
You feel attractive to monsters. The bat hits you.
You die...

..#..#......###
............#..
...#............
##..............
................
##w.............
.......†........
#br....... #@........
#.......$. ####
#......<.. ..# ##..##....
##.# #.###.....
##..####.####.....##..
##......#.#.....###.>.
#.......#.#...........
####.......#.#..#.##.####


You could see a quokka and a bat.

Vanquished Creatures
  A worm (D:2)
  3 ball pythons
  2 endoplasms
  A giant cockroach (D:1)
  A goblin (D:2)
  3 hobgoblins
  2 bats (D:1)
  A frilled lizard (D:1)
  4 kobolds
  2 rats (D:1)
20 creatures vanquished.

Notes
Turn   | Place    | Note
-------+----------+-------------------------------------------
     0 | D:1      | wormholer the Ghoul Monk began the quest for the Orb.
     0 | D:1      | Reached XP level 1. HP: 19/19 MP: 0/0
   155 | D:1      | Found Tubasistri's General Store.
   236 | D:1      | Reached XP level 2. HP: 18/26 MP: 1/1
   419 | D:1      | Found a faded altar of an unknown god.
   428 | D:1      | Became a worshipper of Hepliaklqana the Forgotten
   428 | D:1      | Reached * piety under Hepliaklqana
   428 | D:1      | Reached ** piety under Hepliaklqana
   594 | D:1      | You fall into a shaft and drop 1 floor!
   684 | D:2      | HP: 1/23 [quokka (2)]
   685 | D:2      | Slain by a bat

Illustrated notes

Levels and vault maps discovered:
D:1:      scummos_arrival_gate, layout_rooms, serial_shops, shop_fountains,
          shapermc_ecumenical_altar_mp_highgroup, grunt_decor_junction
D:2:      layout_rooms, hex_intersection, grunt_decor_fettered,
          chequers_serial_rivers_micro_a

Action                   || total
-------------------------++-------
Melee: Unarmed           ||    45
       Short sword       ||    15
       Punch             ||     1
  Use: Scroll            ||     4
       Potion            ||     2
 Stab: Sleeping          ||     1
Armor: Robe              ||    13
Dodge: Dodged            ||    53
